 Dungeon Crawl Stone Soup version 0.17.1-3-g152610e (webtiles) character file.

24539 Heskey the Warrior (level 12, -49/109 HPs)
             Began as a Demonspawn Gladiator on Apr 7, 2016.
             Was a High Priest of Trog.
             Annihilated by an enormous slime creature (53 damage)
             ... on level 14 of the Dungeon.
             The game lasted 00:39:17 (13849 turns).

Heskey the Warrior (Demonspawn Gladiator)          Turns: 13849, Time: 00:39:17

Health: -49/109    AC: 24    Str: 19    XL:     12   Next: 81%
Magic:  4/4        EV:  7    Int: 13    God:    Trog [*****.]
Gold:   916        SH:  0    Dex: 14    Spells: 0 memorised, 11 levels left

rFire  . . .     SeeInvis .     f - +3 glaive of True Grit {antimagic, Int+2}
rCold  . . .     Clarity  .     K - +1 plate armour
rNeg   . . .     SustAt   .     (shield currently unavailable)
rPois  +         Gourm    .     c - +2 helmet
rElec  +         Spirit   .     r - +0 cloak
rCorr  .         Warding  .     q - +0 pair of gloves
rMut   .         Stasis   .     (no boots)
MR     .....                    v - amulet of regeneration
Stlth  ..........               n - ring of poison resistance
                                (no ring)

@: exhausted, hasted and slowed, not resistant to hostile enchantments,
extremely unstealthy
A: thin metallic scales 2, nightstalker 2, electricity resistance, spiny 1, spit
poison 1
a: Spit Poison, Berserk, Trog's Hand, Brothers in Arms, Burn Spellbooks,
Renounce Religion


You were on level 14 of the Dungeon.
You worshipped Trog.
Trog was extremely pleased with you.
You were hungry.

You visited 2 branches of the dungeon, and saw 16 of its levels.

You collected 916 gold pieces.

Inventory:

Hand Weapons
 a - a +0 trident
 f - the +3 glaive of True Grit (weapon) {antimagic, Int+2}
   (You found it on level 7 of the Dungeon)

   It disrupts the flow of magical energy around spellcasters and certain
   magical creatures (including the wielder).
   It affects your intelligence (+2).
 I - a +2 trident of freezing
Missiles
 d - 9 throwing nets (quivered)
 y - 4 tomahawks of returning
 G - 5 silver javelins
Armour
 c - a +2 helmet (worn)
 q - a +0 pair of gloves (worn)
 r - a +0 cloak (worn)
 K - a +1 plate armour (worn)
Jewellery
 g - an uncursed amulet of clarity
 n - a ring of poison resistance (right hand)
 v - an amulet of regeneration (around neck)
Wands
 b - a wand of slowing (27)
 j - a wand of flame (23)
 p - a wand of fireball (0)
 s - a wand of frost (24)
 J - a wand of slowing (24)
 L - a wand of draining (4)
 M - a wand of fireball (6)
Scrolls
 h - 11 scrolls of identify
 o - 4 scrolls of amnesia
 t - 4 scrolls of magic mapping
 u - a scroll of teleportation
 B - a scroll of remove curse
Potions
 i - 8 potions of curing
 k - a potion of cancellation
 x - a potion of flight
 E - a potion of invisibility
 H - a potion of brilliance
Miscellaneous
 m - a phantom mirror
 A - a lamp of fire
Comestibles
 e - 2 bread rations
 w - a beef jerky
 z - 2 meat rations


   Skills:
 * Level 15.1 Fighting
 + Level 10.3 Polearms
 - Level 1.7 Throwing
 + Level 9.9 Armour
 - Level 2.6 Dodging


You had 11 spell levels left.
You didn't know any spells.

Dungeon Overview and Level Annotations

Branches:
Dungeon (15/15)            Temple (1/1) D:5            Lair (0/8) D:11
    Orc (0/4) D:11         Vaults (0/5) D:13
 Depths: D:15

Altars:
Ashenzari
Cheibriados
Elyvilon
Gozag
Okawaru
Qazlal
Ru
Sif Muna
Trog
Vehumet
Yredelemnul
Lugonu

Shops:
D:7 %   D:11 (


Innate Abilities, Weirdness & Mutations

You are mostly covered in thin metallic scales (AC +3).
You are significantly more attuned to the shadows.
You are partially covered in sharp spines.
You are resistant to electric shocks.
You can spit weak poison.


Message History

You are too injured to fight recklessly!
You feel a strong urge to attack something.
You are no longer berserk.
You are exhausted.
You feel yourself slow down.
You are feeling hungry.
You are too injured to fight recklessly!
Evoke which item? (* to show all) (? for menu, Esc to quit)
Attack whom?
Press: ? - help, Dir - move target cursor, f/p - enormous slime creature
Aim: an enormous slime creature (severely wounded)
You reach to attack!
You hit the enormous slime creature.
The enormous slime creature is severely wounded.
The enormous slime creature hits you!!
* * * LOW HITPOINT WARNING * * *
Drink which item? (? for menu, Esc to quit)
You feel yourself speed up.
The enormous slime creature hits you but does no damage.
The enormous slime creature hits you!!!
You die...

#######
#########......
...............
##...###.#### ##.
#...# #.#######....
#...# #.@Jy.....#
###...#############
(.'...'....
###...#####
#...######
#.........
#....#####
####.##### #.....#


You could see an enormous slime creature and a vampire mosquito.

Vanquished Creatures
  Nessos (D:13)
  3 vault guards (D:13)
  A hydra (D:12)
  An unseen horror (D:13)
  2 hill giants
  A necromancer (D:13)
  A wizard (D:13)
  4 ugly things
  A manticore (D:12)
  A hornet (D:13)
  The ghost of Shenda the Poker, a novice MiGl of Zin (D:8)
  4 kobold demonologists
  A komodo dragon (D:13)
  3 two-headed ogres
  7 trolls
  Prince Ribbit (D:6)
  Sigmund (D:4)
  4 wyverns
  3 hippogriffs
  A deep elf mage (D:11)
  A steam dragon (D:9)
  A vampire mosquito (D:14)
  8 yaks
  A hungry ghost (D:12)
  19 humans (D:13)
  A mottled dragon (D:13)
  2 water moccasins
  4 sky beasts
  5 ogres
  A wasp (D:13)
  2 ice beasts
  7 orc warriors
  A phantom (D:12)
  2 centaurs
  11 big kobolds
  A crocodile (D:12)
  A gnoll sergeant (D:6)
  10 giant frogs
  5 scorpions
  A water moccasin skeleton (D:8)
  10 wights
  12 killer bees
  4 crimson imps
  A quasit (D:10)
  4 orc priests
  3 hounds
  2 jellies (D:10)
  6 orc wizards
  2 centaur skeletons
  2 iguanas
  2 giant frog skeletons
  Natasha (thrice) (D:3)
  10 worker ants
  A hound skeleton (D:9)
  19 gnolls
  9 adders
  3 shadow imps
  An ooze (D:5)
  5 adder skeletons
  2 worms (D:3)
  7 giant geckos
  39 orcs
  6 bats
  11 giant cockroaches
  10 goblins
  6 hobgoblins
  10 jackals
  15 kobolds
  6 quokkas
  5 giant newts
  A jackal skeleton (D:5)
  4 rats
  A spectral orc (D:6)
348 creatures vanquished.

Vanquished Creatures (others)
  A bat (D:1)
  3 plants (D:13)
4 creatures vanquished.

Grand Total: 352 creatures vanquished

Notes
Turn   | Place    | Note
--------------------------------------------------------------
     0 | D:1      | Heskey the Demonspawn Gladiator began the quest for the Orb.
     0 | D:1      | Reached XP level 1. HP: 16/16 MP: 1/1
   134 | D:1      | Gained mutation: You are partially covered in sharp spines. [demonic ancestry]
   134 | D:1      | Reached XP level 2. HP: 20/23 MP: 2/2
   455 | D:1      | Reached skill level 1 in Armour
   634 | D:2      | Reached XP level 3. HP: 28/28 MP: 3/3
   761 | D:2      | Reached skill level 3 in Fighting
   783 | D:2      | Found a bloodstained altar of Trog.
   989 | D:2      | Became a worshipper of Trog the Wrathful
  1173 | D:3      | Noticed Natasha
  1180 | D:3      | Killed Natasha
  1180 | D:3      | Reached XP level 4. HP: 18/35 MP: 4/4
  1462 | D:3      | Reached skill level 4 in Fighting
  1465 | D:3      | Noticed Natasha
  1480 | D:3      | Reached XP level 5. HP: 38/42 MP: 5/5
  1628 | D:3      | Killed Natasha
  1779 | D:3      | Reached * piety under Trog
  1801 | D:3      | Noticed Natasha
  1806 | D:3      | Killed Natasha
  1954 | D:3      | Found a snail-covered altar of Cheibriados.
  2287 | D:4      | Found a white marble altar of Elyvilon.
  2341 | D:4      | Gained mutation: You are slightly more attuned to the shadows. [demonic ancestry]
  2341 | D:4      | Reached XP level 6. HP: 36/50 MP: 6/6
  2374 | D:4      | Reached skill level 5 in Fighting
  2406 | D:4      | Noticed Sigmund
  2408 | D:4      | Noticed an ice beast
  2443 | D:4      | Killed an ice beast
  2444 | D:4      | HP: 3/76 [Sigmund/scythe (2)]
  2446 | D:4      | Killed Sigmund
  2446 | D:4      | Reached XP level 7. HP: 4/57 MP: 7/7
  2761 | D:4      | Found a stormy altar of Qazlal.
  2824 | D:4      | Found an opulent altar of Gozag.
  2966 | D:4      | Reached ** piety under Trog
  2970 | D:4      | Reached skill level 6 in Fighting
  2996 | D:4      | Noticed an ogre
  3003 | D:4      | Killed an ogre
  3052 | D:4      | Found an iron altar of Okawaru.
  3351 | D:4      | Found a sacrificial altar of Ru.
  3546 | D:5      | Entered Level 5 of the Dungeon
  3905 | D:5      | Reached *** piety under Trog
  3953 | D:5      | Found a staircase to the Ecumenical Temple.
  4190 | Temple   | Entered the Ecumenical Temple
  4597 | D:6      | Reached skill level 7 in Fighting
  4602 | D:6      | Gained mutation: You are partially covered in thin metallic scales (AC +2). [demonic ancestry]
  4602 | D:6      | Reached XP level 8. HP: 67/67 MP: 8/8
  4753 | D:6      | Reached skill level 5 in Polearms
  4919 | D:6      | Found a basalt altar of Yredelemnul.
  4963 | D:6      | Noticed Prince Ribbit
  4988 | D:6      | Killed Prince Ribbit
  4988 | D:6      | Reached skill level 8 in Fighting
  5558 | D:6      | Received a gift from Trog
  5802 | D:7      | Found Muagaav's Food Emporium.
  5827 | D:7      | Reached skill level 5 in Armour
  5827 | D:7      | Gained mutation: You are mostly covered in thin metallic scales (AC +3). [demonic ancestry]
  5827 | D:7      | Reached XP level 9. HP: 54/75 MP: 9/9
  5842 | D:7      | Reached skill level 9 in Fighting
  5853 | D:7      | Got a bone glaive
  5854 | D:7      | Identified the +3 glaive of True Grit {antimagic, Int+2} (You found it on level 7 of the Dungeon)
  6050 | D:7      | Reached **** piety under Trog
  6405 | D:7      | Received a gift from Trog
  6694 | D:8      | Reached skill level 10 in Fighting
  6919 | D:8      | Noticed Shenda's ghost (novice MiGl)
  6947 | D:8      | Killed Shenda's ghost
  6947 | D:8      | Gained mutation: You are significantly more attuned to the shadows. [demonic ancestry]
  6947 | D:8      | Reached XP level 10. HP: 59/86 MP: 3/10
  7473 | D:8      | Gained mutation: Your flesh is cold resistant. [potion of mutation]
  7473 | D:8      | Gained mutation: Your body sometimes deteriorates upon taking damage. [potion of mutation]
  7473 | D:8      | Gained mutation: You are dopey. (Int -2) [potion of mutation]
  7474 | D:8      | Gained mutation: You evolve. [potion of mutation]
  7474 | D:8      | Gained mutation: You have an increased reservoir of magic (+10% MP). [potion of mutation]
  7475 | D:8      | Gained mutation: Your body often deteriorates upon taking damage. [potion of mutation]
  7475 | D:8      | Lost mutation: You are dopey. (Int -2) [potion of mutation]
  7475 | D:8      | Gained mutation: You can spit weak poison. [potion of mutation]
  7476 | D:8      | Lost mutation: You can spit weak poison. [potion of mutation]
  7476 | D:8      | Gained mutation: You are clumsy. (Dex -2) [potion of mutation]
  7476 | D:8      | Gained mutation: You regenerate slowly when monsters are visible. [potion of mutation]
  7477 | D:8      | Gained mutation: You are resistant to hostile enchantments. [potion of mutation]
  7477 | D:8      | Gained mutation: You have large cloven feet. [potion of mutation]
  7478 | D:8      | Lost mutation: You are clumsy. (Dex -2) [potion of cure mutation]
  7478 | D:8      | Lost mutation: You are resistant to hostile enchantments. [potion of cure mutation]
  7478 | D:8      | Lost mutation: You evolve. [potion of cure mutation]
  8038 | D:9      | Reached skill level 11 in Fighting
  8132 | D:10     | Entered Level 10 of the Dungeon
  8791 | D:10     | Gained mutation: You are completely covered in thin metallic scales (AC +4, rElec). [potion of beneficial mutation]
  8907 | D:10     | Reached ***** piety under Trog
  9020 | D:10     | Reached skill level 12 in Fighting
  9376 | D:11     | Noticed a brown ugly thing
  9377 | D:11     | Noticed a hill giant
  9402 | D:11     | Killed a brown ugly thing
  9402 | D:11     | Received a gift from Trog
  9439 | D:11     | Killed a hill giant
  9439 | D:11     | Reached XP level 11. HP: 41/95 MP: 12/12
  9709 | D:11     | Lost mutation: Your flesh is cold resistant. [potion of cure mutation]
  9709 | D:11     | Lost mutation: Your body often deteriorates upon taking damage. [potion of cure mutation]
  9709 | D:11     | Lost mutation: Your body sometimes deteriorates upon taking damage. [potion of cure mutation]
  9709 | D:11     | Lost mutation: You are completely covered in thin metallic scales (AC +4, rElec). [potion of cure mutation]
  9709 | D:11     | Lost mutation: You have an increased reservoir of magic (+10% MP). [potion of cure mutation]
  9710 | D:11     | Lost mutation: You regenerate slowly when monsters are visible. [potion of cure mutation]
  9710 | D:11     | Lost mutation: You have large cloven feet. [potion of cure mutation]
  9711 | D:11     | Gained mutation: You can spit weak poison. [potion of beneficial mutation]
  9737 | D:11     | Found Fikk's Weapon Shop.
  9739 | D:11     | Found a staircase to the Orcish Mines.
  9979 | D:11     | You fall through a shaft!
 10379 | D:11     | Found a staircase to the Lair.
 11062 | D:11     | Reached skill level 13 in Fighting
 11250 | D:12     | Noticed a seven-headed hydra
 11258 | D:12     | Killed a seven-headed hydra
 12191 | D:13     | Killed an unseen horror
 12238 | D:13     | Noticed Nessos
 12478 | D:13     | Killed Nessos
 12478 | D:13     | Reached XP level 12. HP: 51/106 MP: 4/12
 12662 | D:13     | Reached skill level 14 in Fighting
 12766 | D:13     | Received a gift from Trog
 13081 | D:13     | Gained mutation: You are resistant to electric shocks. [potion of beneficial mutation]
 13106 | D:13     | Found a corrupted altar of Lugonu.
 13137 | D:13     | Reached skill level 10 in Polearms
 13147 | D:13     | Noticed a vault guard
 13160 | D:13     | Killed a vault guard
 13160 | D:13     | Reached ****** piety under Trog
 13170 | D:13     | Noticed a necromancer
 13173 | D:13     | Noticed a vault guard
 13202 | D:13     | Killed a necromancer
 13202 | D:13     | Received a gift from Trog
 13335 | D:13     | Noticed a vault guard
 13354 | D:13     | Killed a vault guard
 13360 | D:13     | Killed a vault guard
 13360 | D:13     | Reached skill level 15 in Fighting
 13408 | D:13     | Found a gate to the Vaults.
 13541 | D:14     | You fall through a shaft!
 13541 | D:15     | Entered Level 15 of the Dungeon
 13847 | D:14     | HP: 2/109 [enormous slime creature (28)]
 13849 | D:14     | Annihilated by an enormous slime creature

Action                   |  1- 3 |  4- 6 |  7- 9 | 10-12 || total
-------------------------+-------+-------+-------+-------++-------
Melee: Trident           |    55 |   108 |   247 |   357 ||   767
       Glaive            |       |       |   137 |   290 ||   427
Throw: Javelin           |       |       |       |     1 ||     1
       Throwing net      |       |       |       |     1 ||     1
       Tomahawk          |       |       |       |     1 ||     1
Invok: Berserk           |       |     1 |     7 |     8 ||    16
       Burn Spellbooks   |       |       |     1 |     2 ||     3
       Trog's Hand       |       |       |       |     1 ||     1
 Abil: Spit Poison       |       |       |       |     1 ||     1
Evoke: Wand              |       |       |       |     3 ||     3
  Use: Scroll            |     3 |     1 |     3 |    15 ||    22
       Potion            |       |     4 |     4 |    21 ||    29
 Stab: Sleeping          |     1 |       |     1 |     7 ||     9
       Distracted        |       |       |       |     1 ||     1
  Eat: Chunk             |       |     5 |     8 |    31 ||    44
       Bread ration      |       |       |     2 |     1 ||     3
       Meat ration       |       |       |     1 |     1 ||     2
       Royal jelly       |       |       |     1 |       ||     1
       Pizza             |       |       |       |     1 ||     1
       Beef jerky        |       |       |       |     1 ||     1
